 Dungeon Crawl Stone Soup version 0.28-b1-25-g9875b3f (webtiles) character file.

Game seed: 4250198850071020885

67 Host24 the Bolt Thrower (level 4, -1/28 HPs)
             Began as a Kobold Hunter on Feb 2, 2022.
             Slain by an adder (3 damage)
             ... on level 2 of the Dungeon.
             The game lasted 00:02:59 (2193 turns).

Host24 the Bolt Thrower (Kobold Hunter)             Turns: 2193, Time: 00:03:00

Health: -1/28      AC:  3    Str: 11    XL:     4   Next: 38%
Magic:  4/4        EV: 14    Int: 12    God:
Gold:   70         SH:  0    Dex: 15    Spells: 3/3 levels left

rFire   . . .      SeeInvis .   a - +1 hand crossbow
rCold   . . .      Faith    .   (no shield)
rNeg    . . .      Spirit   .   c - +0 leather armour
rPois   .          Reflect  .   (no helmet)
rElec   .          Harm     .   (no cloak)
rCorr   .          Rampage  .   (no gloves)
Will    .....                   (no boots)
Stlth   +++.......              (no amulet)
HPRegen 0.09/turn               (no ring)
MPRegen 0.09/turn               (no ring)

@: lethally poisoned (-1 -> -7)
A: small, no large weapons, nightstalker 3
a: no special abilities


You were on level 2 of the Dungeon.
You visited 1 branch of the dungeon, and saw 2 of its levels.

You collected 70 gold pieces.

Inventory:

Hand Weapons
 a - a +1 hand crossbow (weapon)
 f - a +0 dagger of venom
Missiles
 b - 50 stones
 d - 13 bolts (quivered ammo)
 m - 3 poisoned darts
Armour
 c - a +0 leather armour (worn)
Scrolls
 e - a scroll of enchant armour {unknown}
 h - a scroll of fog {unknown}
 j - 2 scrolls of fear {unknown}
 l - a scroll of identify {unknown}
Potions
 g - a potion of lignification {unknown}
 i - a potion of brilliance {unknown}
 k - a potion of curing {unknown}


   Skills:
 - Level 3.0 Fighting
 + Level 6.1 Crossbows
 - Level 3.0 Dodging
 - Level 1.3 Stealth


You had 3 spell levels left.
You didn't know any spells.
Your spell library was empty.

Dungeon Overview and Level Annotations

Branches:
Dungeon (2/15)

Altars:


Innate Abilities, Weirdness & Mutations

You are small and have problems with some larger weapons.
You are completely attuned to the shadows.


Message History

Aim: an adder (52% to hit)
You shoot a bolt. The bolt closely misses the adder.
The adder bites you. x2
Unknown command.
Fire: 18 bolts
Press: ? - help, Q - select action, (/) - cycle Shift-Dir - straight line, f/p - adder
Aim: an adder (52% to hit)
You shoot a bolt. The bolt barely misses the adder.
The adder bites you.
Unknown command.
Fire: 17 bolts
Press: ? - help, Q - select action, (/) - cycle Shift-Dir - straight line, f/p - adder
Aim: an adder (52% to hit)
You shoot a bolt. The bolt hits the adder.
The adder is lightly wounded.
The adder bites you.
You are poisoned.
The adder poisons you! The adder bites you.
Fire: 16 bolts
Press: ? - help, Q - select action, (/) - cycle Shift-Dir - straight line, f/p - adder
Aim: an adder (52% to hit)
You shoot a bolt. The bolt completely misses the adder.
You feel sick. The adder bites you.
You are lethally poisoned!
The adder poisons you!
Fire: 15 bolts
Press: ? - help, Q - select action, (/) - cycle Shift-Dir - straight line, f/p - adder
Aim: an adder (52% to hit)
You shoot a bolt. The bolt closely misses the adder.
* * * LOW HITPOINT WARNING * * *
You feel sick. The adder closely misses you. The adder misses you.
Fire: 14 bolts
Press: ? - help, Q - select action, (/) - cycle Shift-Dir - straight line, f/p - adder
Aim: an adder (52% to hit)
You shoot a bolt. The bolt closely misses the adder.
* * * LOW HITPOINT WARNING * * *
You feel sick. The adder bites you.
* * * LOW HITPOINT WARNING * * *
The adder bites you.
You die...

#.# ###
#.# ...
#.# ...
#.# ...
#.# ...
#.# ...
#.# #.#
#@# #S#
#.# ...
..(..
.......


You could see an adder.

Vanquished Creatures
  3 adders (D:2)
  An adder skeleton (D:2)
  4 bats (D:1)
  2 endoplasms (D:1)
  6 goblins
  2 hobgoblins (D:1)
  3 quokkas
  3 ball pythons
  A frilled lizard (D:2)
  5 kobolds
  5 rats (D:1)
35 creatures vanquished.

Notes
Turn   | Place    | Note
-------+----------+-------------------------------------------
     0 | D:1      | Host24 the Kobold Hunter began the quest for the Orb.
     0 | D:1      | Reached XP level 1. HP: 12/12 MP: 1/1
   397 | D:1      | Reached skill level 5 in Crossbows
   519 | D:1      | Reached XP level 2. HP: 18/18 MP: 2/2
  1126 | D:1      | Reached XP level 3. HP: 23/23 MP: 3/3
  1646 | D:2      | Reached XP level 4. HP: 8/28 MP: 4/4
  1883 | D:2      | Reached skill level 6 in Crossbows
  2193 | D:2      | Slain by an adder

Illustrated notes

Levels and vault maps discovered:
D:1:      kilobyte_arrival_exit_the_forest, layout_rooms
D:2:      layout_basic, serial_undead, serial_undead_c, serial_undead_d,
          serial_undead_e, serial_undead_a, dilly_ecumenical_altar_fadedgnrine,
          grunt_decor_junction, kennysheep_doodads, minmay_statues_item

Skill      XL: |  1  2  3  4 |
---------------+-------------+-----
Crossbows      | 5 6 |  6.1
Fighting       | 3 |  3.0
Dodging        | 3 |  3.0
Stealth        | |  1.3

Action                   |  1- 3 |  4- 6 || total
-------------------------+-------+-------++-------
Melee: Dagger            |    98 |    18 ||   116
       Punch             |     3 |     1 ||     4
       Short sword       |     1 |       ||     1
 Fire: Hand crossbow     |     3 |     9 ||    12
 Stab: Sleeping          |     5 |     1 ||     6
Armor: Leather armour    |    36 |     3 ||    39
Dodge: Dodged            |    78 |    12 ||    90
